 Dungeon Crawl Stone Soup version 0.30.0-10-gfe55d96785 (webtiles) character file.

Game seed: 11375375012590581304

231 thromnambular the Fighter (level 6, -3/57 HPs)
             Began as a Gnoll Wanderer on May 14, 2023.
             Splashed by a jelly's acid (8 damage)
             ... on level 4 of the Dungeon.
             The game lasted 00:05:52 (3074 turns).

thromnambular the Fighter (Gnoll Wanderer)          Turns: 3074, Time: 00:05:53

Health: -3/57      AC: -3    Str: 12    XL:     6   Next: 3%
Magic:  20/20      EV:  7    Int: 18    God:
Gold:   132        SH:  0    Dex: 12    Spells: 10/11 levels left

rFire   . . .        n - +0 mace
rCold   . . .        (no shield)
rNeg    . . .        d - +1 chain mail
rPois   .            (no helmet)
rElec   .            (no cloak)
rCorr   .            (no gloves)
SInv    .            g - +0 pair of boots
Will    .....        (no amulet) Stlth
                     e - +6 ring of intelligence
HPRegen 0.29/turn    h - ring of magical power
MPRegen 0.17/turn

%: no passive effects
@: corroded
A: fangs 1, strong nose, distributed training
a: no special abilities


You were on level 4 of the Dungeon.
You visited 1 branch of the dungeon, and saw 4 of its levels.

You collected 132 gold pieces.

Inventory:

Hand Weapons
 n - a +0 mace (weapon)
Armour
 d - a +1 chain mail (worn)
 g - a +0 pair of boots (worn)
Jewellery
 e - a +6 ring of intelligence (left hand)
 h - a ring of magical power (right hand)
Scrolls
 f - 2 scrolls of identify {unknown}
 m - a scroll of brand weapon {unknown}
 p - 2 scrolls of immolation
Potions
 a - 2 potions of flight
 b - a potion of attraction
 c - 2 potions of lignification
 i - a potion of brilliance {unknown}
 j - a potion of mutation {unknown}
 k - a potion of curing {unknown}
 l - a potion of ambrosia {unknown}
 r - a potion of might {unknown}


   Skills:
 + Level 8.7 Fighting
 + Level 1.8 Short Blades
 + Level 1.8 Long Blades
 + Level 1.8 Axes
 + Level 1.8 Maces & Flails
 + Level 1.8 Polearms
 + Level 1.8 Staves
 + Level 1.8 Ranged Weapons
 + Level 1.8 Throwing
 + Level 6.8 Armour
 + Level 1.8 Dodging
 + Level 1.8 Stealth
 + Level 1.8 Shields
 + Level 1.8 Unarmed Combat
 + Level 3.3 Spellcasting
 + Level 1.4 Conjurations
 + Level 1.4 Hexes
 + Level 1.4 Summonings
 + Level 1.4 Necromancy
 + Level 1.4 Translocations
 + Level 1.4 Transmutations
 + Level 1.4 Fire Magic
 + Level 1.4 Ice Magic
 + Level 1.4 Air Magic
 + Level 1.4 Earth Magic
 + Level 4.0 Poison Magic
 + Level 2.0 Invocations
 + Level 1.8 Evocations


You had 10 spell levels left.
You knew the following spells:

 Your Spells              Type           Power      Damage    Failure   Level
a - Sting                 Tmut/Pois      48%        1d5       65%         1

Your spell library contained the following spells:

 Spells                   Type           Power      Damage    Failure   Level
 Spider Form              Tmut/Pois      12%        N/A       95%         3
 Inner Flame              Hex/Fire       8%         N/A       99%         3
 Stone Arrow              Conj/Erth      16%        3d8       99%         3
 Animate Armour           Summ/Erth      16%        N/A       100%        4
 Flame Wave               Conj/Fire      8%         2d5       100%        4
 Sticky Flame             Conj/Fire      8%         2d3       100%        4
 Lehudib's Crystal Spear  Conj/Erth      4%         10d3      100%        8


Dungeon Overview and Level Annotations

Branches:
Dungeon (4/15)
 Temple: D:4-7

Altars:


Innate Abilities, Weirdness & Mutations

You have very sharp teeth.
Your uncanny sense of smell can sniff out nearby items.
Your experience applies equally to all skills.


Message History

Magic restored.
You start resting.
You feel yourself speed up.
You start resting.
You recover from your berserk rage.
You start resting.
HP restored.
Things that are here:
a +0 giant club; an ogre corpse
Found 15 gold pieces.
You see here a +0 hand axe.
You now have 132 gold pieces (gained 19).
A jelly comes into view.
The jelly quivers.
No reachable target in view!
You hit the jelly but do no damage.
Your hands burn!
The jelly hits you.
You are splashed with acid!
You thump the jelly! The acid corrodes you!
Your hands burn!
The jelly is heavily wounded.
The jelly barely misses you. The jelly hits you.
You are splashed with acid.
You are too injured to fight recklessly!
You are too injured to fight recklessly!
You hit the jelly but do no damage. The acid corrodes you!
Your hands burn!
The jelly is heavily wounded.
The jelly closely misses you.
You hit the jelly but do no damage.
Your hands burn!
The jelly is heavily wounded.
The jelly hits you. The acid corrodes you!
You are splashed with acid!
You hit the jelly but do no damage.
Your hands burn!
* * * LOW HITPOINT WARNING * * *
You bite the jelly, but do no damage.
The jelly is heavily wounded.
The jelly hits you.
* * * LOW HITPOINT WARNING * * *
The acid corrodes you!
You are splashed with acid.
* * * LOW HITPOINT WARNING * * *
The jelly hits you.
* * * LOW HITPOINT WARNING * * *
The acid corrodes you!
You are splashed with acid!
You die...

############.#.#
#..........#|..##
######.#.............#
#.........~~~~~.~≈~~.##
#.........~≈≈≈~.~≈≈~..#
#.........~≈≈≈~.~≈≈~..#
#.......).~~~~~.~~≈~...
#...............~≈~~...
######.#..~~~~.@...!.#
#)#..~≈≈~.~J~~~.#
#.#..~≈~≈.~≈≈≈~.#
#.#..≈≈~~.≈≈≈≈~.#
#[#..~~~~$~~~~~.#
#.#.............#
#.#..........####
#.#...#####.## #.#


You could see a jelly.

Vanquished Creatures
  An ogre (D:4)
  7 adders
  A dart slug (D:2)
  8 orcs (D:4)
  3 bats (D:3)
  5 endoplasms
  A giant cockroach (D:1)
  9 goblins
  6 hobgoblins
  A jackal (D:1)
  7 kobolds
  3 quokkas (D:1)
  8 ball pythons
  4 frilled lizards
  6 rats
70 creatures vanquished.

Notes
Turn   | Place    | Note
-------+----------+-------------------------------------------
     0 | D:1      | thromnambular the Gnoll Wanderer began the quest for the
                  | Orb.
     0 | D:1      | thromnambular set off with the following items: a +0
                  | dagger, a potion of attraction, a potion of lignification,
                  | a +0 chain mail; and the following spell memorised: Sting;
                  | and the following spells available to memorise: Spider
                  | Form.
     0 | D:1      | Reached XP level 1. HP: 26/26 MP: 4/4
   293 | D:1      | Reached XP level 2. HP: 28/33 MP: 5/5
   588 | D:1      | Reached XP level 3. HP: 26/38 MP: 7/7
  1108 | D:2      | Reached skill level 1 in Invocations
  1264 | D:2      | Reached skill level 1 in Short Blades
  1264 | D:2      | Reached skill level 1 in Long Blades
  1264 | D:2      | Reached skill level 1 in Axes
  1264 | D:2      | Reached skill level 1 in Maces & Flails
  1264 | D:2      | Reached skill level 1 in Polearms
  1264 | D:2      | Reached skill level 1 in Staves
  1264 | D:2      | Reached skill level 1 in Ranged Weapons
  1264 | D:2      | Reached skill level 1 in Throwing
  1264 | D:2      | Reached skill level 1 in Dodging
  1264 | D:2      | Reached skill level 1 in Stealth
  1264 | D:2      | Reached skill level 1 in Shields
  1264 | D:2      | Reached skill level 1 in Unarmed Combat
  1264 | D:2      | Reached skill level 1 in Evocations
  1695 | D:2      | Reached XP level 4. HP: 35/45 MP: 8/8
  1983 | D:3      | Reached skill level 1 in Conjurations
  1983 | D:3      | Reached skill level 1 in Hexes
  1983 | D:3      | Reached skill level 1 in Summonings
  1983 | D:3      | Reached skill level 1 in Necromancy
  1983 | D:3      | Reached skill level 1 in Translocations
  1983 | D:3      | Reached skill level 1 in Transmutations
  1983 | D:3      | Reached skill level 1 in Fire Magic
  1983 | D:3      | Reached skill level 1 in Ice Magic
  1983 | D:3      | Reached skill level 1 in Air Magic
  1983 | D:3      | Reached skill level 1 in Earth Magic
  2509 | D:4      | Reached XP level 5. HP: 44/51 MP: 9/9
  2869 | D:4      | Noticed an ogre
  2891 | D:4      | Killed an ogre
  2892 | D:4      | Reached XP level 6. HP: 14/57 MP: 11/11
  3074 | D:4      | Splashed by a jelly's acid

Illustrated notes

Levels and vault maps discovered:
D:1:      dpeg_arrival_orchard, layout_basic, minmay_misc_feat_alley,
          st_stairs_4, nrook_loot_triangle, minmay_box_of_dots
D:2:      layout_loops_ring
D:3:      layout_rooms, chequers_serial_rivers_large_b, grunt_decor_one_mirror,
          minmay_fountain_box
D:4:      layout_basic, minivault_14, uniq_pikel

Skill      XL: |  1  2  3  4  5 |
---------------+----------------+-----
Invocations    | 1 2 |  2.0
Short Blades   | 1 |  1.8
Long Blades    | 1 |  1.8
Axes           | 1 |  1.8
Maces & Flails | 1 |  1.8
Polearms       | 1 |  1.8
Staves         | 1 |  1.8
Ranged Weapons | 1 |  1.8
Throwing       | 1 |  1.8
Dodging        | 1 |  1.8
Stealth        | 1 |  1.8
Shields        | 1 |  1.8
Unarmed Combat | 1 |  1.8
Evocations     | 1 |  1.8
Spellcasting   | 3 |  3.3
Conjurations   | 1 |  1.4
Hexes          | 1 |  1.4
Summonings     | 1 |  1.4
Necromancy     | 1 |  1.4
Translocations | 1 |  1.4
Transmutations | 1 |  1.4
Fire Magic     | 1 |  1.4
Ice Magic      | 1 |  1.4
Air Magic      | 1 |  1.4
Earth Magic    | 1 |  1.4
Poison Magic   | 4 |  4.0
Fighting       | |  8.7
Armour         | |  6.8

Action                     |  1- 3 |  4- 6 || total
---------------------------+-------+-------++-------
  Melee: Dagger            |    88 |       ||    88
         Bite              |    16 |    13 ||    29
         Whip              |    95 |   166 ||   261
         Mace              |       |    21 ||    21
         Punch             |       |     1 ||     1
    Use: Scroll            |     7 |       ||     7
         Potion            |       |     3 ||     3
 Armour: Chain mail        |   137 |   122 ||   259
         Skin              |       |    10 ||    10
  Dodge: Dodged            |    57 |    90 ||   147
